 Dungeon Crawl Stone Soup version 0.30-a0-535-g2c0b3469a7 (webtiles) character file.

Game seed: 12556032118796642466

553 M4edhros the Shield-Bearer (level 7, -2/49 HPs)
             Began as an Octopode Fighter on Dec 24, 2022.
             Was a Priest of Qazlal.
             Succumbed to a scorpion's poison
             ... on level 5 of the Dungeon on Dec 25, 2022.
             The game lasted 00:03:21 (2867 turns).

M4edhros the Shield-Bearer (Octopode Fighter)       Turns: 2867, Time: 00:03:21

Health: -2/49      AC:  1    Str: 15    XL:     7   Next: 29%
Magic:  7/7        EV: 11    Int: 10    God:    Qazlal [***...]
Gold:   98         SH: 18    Dex: 14    Spells: 6/6 levels left

rFire   . . .      SeeInvis .    a - +0 trident
rCold   . . .      Faith    .    u - +1 tower shield {reflect}
rNeg    . . .      Spirit   .    (helmet restricted)
rPois   .          Reflect  +    (no amulet)
rElec   .          Harm     .    (no ring)
rCorr   .          Rampage  .    (no ring)
Will    .....                    (no ring)
Stlth   ++                       (no ring)
HPRegen 0.28/turn                (no ring)
MPRegen 0.10/turn                (no ring)
                                 (no ring)
                                 (no ring)

@: lethally poisoned (-2 -> -12), studying Staves
A: almost no armour, amphibious, 8 rings, camouflage 1, gelatinous body 1,
(nimble swimmer 1), tentacles
a: Renounce Religion, Upheaval, Elemental Force


You were on level 5 of the Dungeon.
You worshipped Qazlal.
Qazlal was most pleased with you.
You visited 1 branch of the dungeon, and saw 4 of its levels.

You collected 260 gold pieces.
You spent 162 gold pieces at shops.

Inventory:

Hand Weapons
 a - a +0 trident (weapon)
 f - a +0 sling
Missiles
 h - 3 poisoned darts (quivered)
Armour
 u - a +1 tower shield of reflection (worn)
Jewellery
 n - an amulet of regeneration
Wands
 p - a wand of flame (17)
 q - a wand of iceblast (1)
Scrolls
 g - 2 scrolls of noise {unknown}
 j - 3 scrolls of magic mapping {unknown}
 k - 5 scrolls of teleportation {unknown}
 m - a scroll of poison {unknown}
 o - 3 scrolls of amnesia {unknown}
 r - a scroll of identify {unknown}
 s - a scroll of enchant armour {unknown}
 t - a scroll of fog {unknown}
Potions
 c - a potion of might
 e - 2 potions of berserk rage {unknown}
 i - 3 potions of haste {unknown}
 l - 2 potions of heal wounds {unknown}


   Skills:
 - Level 4.7 Fighting
 + Level 4.1(4.3) Polearms
 * Level 1.3(2.9) Staves
 - Level 4.6 Dodging
 * Level 4.8 Shields


You had 6 spell levels left.
You didn't know any spells.
Your spell library contained the following spells:

 Spells                   Type           Power      Damage    Failure   Level
 Static Discharge         Conj/Air       0%         2-2/arc   99%         2
 Sublimation of Blood     Necr           0%         N/A       99%         2
 Vhi's Electric Charge    Tloc/Air       0%         N/A       100%        3
 Petrify                  Tmut/Erth      0%         N/A       100%        4
 Arcjolt                  Conj/Air       0%         1d10      100%        5
 Irradiate                Conj/Tmut      0%         3d11      100%        5
 Lightning Bolt           Conj/Air       0%         1d11      100%        5


Dungeon Overview and Level Annotations

Branches:
Dungeon (3/15)

Altars:
Qazlal
Ru

Shops:
D:5 *

Annotations:
D:3 1 runed translucent door, Crazy Yiuf
D:5 Edmund


Innate Abilities, Weirdness & Mutations

You cannot wear most types of armour.
You are amphibious.
You can wear up to eight rings at the same time.
Your skin changes colour to match your surroundings (Stealth+).
Your rubbery body absorbs attacks. (AC +1, EV +1)
((You are camouflaged when in or above water. (Stealth+)))
You have tentacles for arms and can constrict up to eight enemies at once.


Message History

Okay, then.
You hit the scorpion but do no damage.
The scorpion is moderately wounded.
You constrict Edmund. You constrict the scorpion.
You feel very sick. The scorpion closely misses you.
Edmund hits you with a +1 flail of protection!
The scorpion barely misses you. You block Edmund's attack.
Okay, then.
Okay, then.
Aiming: Iceblast
Press: ? - help, Shift-Dir - straight line, p - Edmund The mass of ice explodes!
The iceblast engulfs the scorpion!
The scorpion is severely wounded.
You constrict Edmund. You constrict the scorpion.
You feel sick. The scorpion stings you.
* * * LOW HITPOINT WARNING * * *
You are lethally poisoned!
The scorpion poisons you! You block Edmund's attack.
You hit the scorpion.
You kill the scorpion!
Qazlal accepts your kill.
You constrict Edmund.
* * * LOW HITPOINT WARNING * * *
You feel very sick. You block Edmund's attack.
Your base Staves skill increases to level 1!
Aiming: Iceblast
Press: ? - help, Shift-Dir - straight line The mass of ice explodes!
The iceblast engulfs Edmund!
Edmund is almost dead.
You constrict Edmund, but do no damage.
* * * LOW HITPOINT WARNING * * *
You feel very sick.
Edmund says, "I might not be good at magic, but I can still kill you!"
You block Edmund's attack.
You hit Edmund. You squeeze Edmund, but do no damage.
Edmund is almost dead.
You constrict Edmund, but do no damage.
You die...

##+# #......# .....
#......# ..... #....).#
......
####......#+####+#......
...#............§....#
...#............@@...#
...#...........§.†...#
####............<...<#
..####'##.....###########
..#.....#.....#.........#
..#<....#.....#.........#
..#.....#.....#.........#
..#.....#.....'.........#
..#'###'#.....#####.....#


You could see Edmund.

Vanquished Creatures
  A phantom (D:5)
  2 scorpions (D:5)
  A howler monkey (D:5)
  A hound (D:5)
  2 jellies (D:5)
  Jessica (D:3)
  2 iguanas (D:5)
  Ijyb (D:5)
  4 adders
  A white imp (D:5)
  An ufetubus (D:5)
  3 worms
  A dart slug (D:2)
  8 bats
  9 endoplasms
  8 goblins
  9 hobgoblins
  4 jackals (D:5)
  7 kobolds
  A quokka (D:1)
  7 ball pythons
  6 frilled lizards
  6 rats
86 creatures vanquished.

Vanquished Creatures (others)
  8 plants (D:5)
8 creatures vanquished.

Grand Total: 94 creatures vanquished

Notes
Turn   | Place    | Note
-------+----------+-------------------------------------------
     0 | D:1      | M4edhros the Octopode Fighter began the quest for the Orb.
     0 | D:1      | Reached XP level 1. HP: 16/16 MP: 1/1
    37 | D:1      | Found a faded altar of an unknown god.
    54 | D:1      | Prayed at the altar of an unknown god.
    54 | D:1      | Became a worshipper of Qazlal Stormbringer
    54 | D:1      | Reached * piety under Qazlal
    85 | D:1      | Reached XP level 2. HP: 21/21 MP: 2/2
   315 | D:1      | Reached XP level 3. HP: 26/26 MP: 3/3
   535 | D:1      | Reached ** piety under Qazlal
   918 | D:2      | Reached XP level 4. HP: 31/31 MP: 4/4
  1333 | D:3      | Noticed Jessica
  1336 | D:3      | Killed Jessica
  1426 | D:3      | Reached XP level 5. HP: 37/37 MP: 5/5
  1711 | D:3      | Found a sacrificial altar of Ru.
  1755 | D:3      | Found a runed translucent door.
  1756 | D:3      | Noticed Crazy Yiuf
  1892 | D:3      | You fall into a shaft and drop 2 floors!
  1892 | D:5      | Entered Level 5 of the Dungeon
  2078 | D:5      | Reached *** piety under Qazlal
  2079 | D:5      | Reached XP level 6. HP: 43/43 MP: 6/6
  2441 | D:5      | Noticed Ijyb
  2455 | D:5      | Killed Ijyb
  2630 | D:5      | Reached XP level 7. HP: 49/49 MP: 7/7
  2647 | D:5      | Found Jeig's Mass Market.
  2657 | D:5      | Bought a +1 tower shield of reflection for 162 gold pieces
  2855 | D:5      | Noticed Edmund
  2866 | D:5      | Reached skill level 1 in Staves
  2866 | D:5      | HP: 1/49 [poisoned by a scorpion]
  2867 | D:5      | Succumbed to a scorpion's poison

Illustrated notes

Levels and vault maps discovered:
D:1:      scummos_arrival_simple_fountains, layout_loops_cross,
          dreamdust_ecumenical_altar_grove, minmay_hexomino_p4
D:2:      layout_rooms, st_stairs_10, kennysheep_generic_room_13
D:3:      layout_basic, lemuel_doored_altar, small_statue_alley_b,
          grunt_ministairs_1, minmay_strange_pillars, uniq_jessica,
          uniq_crazy_yiuf_cottage
D:5:      layout_gridville, minmay_shop_mass, minmay_misc_feat_tower,
          kennysheep_flooded_box, serial_bayou_pond_c, hangedman_decor_riveting,
          item_on_display_a, uniq_edmund, uniq_ijyb

Skill      XL: |  1  2  3  4  5  6  7 |
---------------+----------------------+-----
Polearms       | 3 4 |  4.1
Fighting       | 4 |  4.7
Dodging        | 4 |  4.6
Shields        | 4 |  4.8
Staves         | 1 |  1.3

Action                   |  1- 3 |  4- 6 |  7- 9 || total
-------------------------+-------+-------+-------++-------
Melee: Trident           |    76 |   115 |    15 ||   206
       Constrict         |    15 |    17 |     4 ||    36
       Tentacles         |    12 |    25 |     3 ||    40
       Punch             |     1 |     1 |     1 ||     3
Evoke: Wand              |       |       |     2 ||     2
  Use: Potion            |       |     3 |       ||     3
Armor: Skin              |     1 |     6 |       ||     7
Dodge: Dodged            |    27 |    40 |     4 ||    71
Block: Buckler           |    13 |    16 |       ||    29
       Tower shield      |       |       |    10 ||    10

Table legend: (Time is in decaauts)
 A = Elapsed time spent in this place.
 B = Non-inter-level travel time spent in this place.
 C = Inter-level travel time spent in this place.
 D = Time resting spent in this place.
 E = Time spent auto-exploring this place.
 F = Levels seen in this place.
 G = Mean time per level.
                   A        B        C        D        E       F      G
               +--------+--------+--------+--------+--------+-----+--------+
         Total |   2907 |   2801 |    106 |    115 |   2178 |   4 |  726.8 |
       Dungeon |   2907 |   2801 |    106 |    115 |   2178 |   4 |  726.8 |
               +--------+--------+--------+--------+--------+-----+--------+

Top non-repeatable levels by time:
     D:5: 989 daAuts
     D:1: 797 daAuts
     D:3: 611 daAuts
     D:2: 508 daAuts
